 Dungeon Crawl Stone Soup version 0.30-a0-883-g5ad918d77d (webtiles) character file.

Game seed: 12257870305906606807

97 demibob the Chopper (level 4, -3/38 (39) HPs)
             Began as a Hill Orc Wanderer on Mar 16, 2023.
             Slain by a wight
             ... wielding a +0 flail
              (4 damage)
             ... on level 3 of the Dungeon.
             The game lasted 00:03:15 (1721 turns).

demibob the Chopper (Hill Orc Wanderer)             Turns: 1721, Time: 00:03:15

HP:   -3/38 (39)    AC:  8    Str: 17    XL:     4   Next: 68%
MP:   5/5           EV: 10    Int: 11    God:
Gold: 117           SH:  0    Dex: 10    Spells: 4/5 levels left

rFire   . . .      SeeInvis .    a - +3 hand axe
rCold   . . .      Faith    .    (no shield)
rNeg    . . .      Spirit   .    g - +3 ring mail
rPois   .          Reflect  .    (no helmet)
rElec   .          Rampage  .    (no cloak)
rCorr   .                        (no gloves)
Will    .....                    (no boots)
Stlth   +                        (no amulet)
HPRegen 0.26/turn                (no ring)
MPRegen 0.09/turn                (no ring)

@: hasted, lightly drained, very quick
A: no striking features
a: no special abilities


You were on level 3 of the Dungeon.
You visited 1 branch of the dungeon, and saw 3 of its levels.

You collected 117 gold pieces.


   Skills:
 - Level 3.6 Fighting
 * Level 6.2 Axes
 + Level 2.3 Armour
 - Level 1.0 Stealth
 - Level 1.0 Spellcasting
 - Level 2.0 Hexes


You had 4 spell levels left.
You knew the following spells:

 Your Spells              Type           Power      Damage    Failure   Level
s - Slow                  Hex            16%        N/A       26%         1

Your spell library contained the following spells:

 Spells                   Type           Power      Damage    Failure   Level
 Magic Dart               Conj           0%         1d3       50%         1
 Tukima's Dance           Hex            4%         N/A       58%         3
 Call Imp                 Summ           0%         N/A       65%         2
 Mephitic Cloud           Conj/Pois/Air  0%         N/A       86%         3

Inventory:

Hand Weapons
 a - a +3 hand axe (weapon)
Armour
 d - a +0 cloak
 g - a +3 ring mail (worn)
Magical Staves
 c - a staff of air {!a}
Scrolls
 i - a scroll of teleportation {@r2}
 n - a scroll of identify {@r1}
Potions
 b - a potion of brilliance
 e - a potion of flight {unknown}
 f - 2 potions of attraction
 h - a potion of mutation {unknown}
 j - a potion of lignification {unknown}
 l - a potion of invisibility {unknown}
 m - a potion of curing {unknown}

Dungeon Overview and Level Annotations

Branches:
Dungeon (3/15)

Altars:

............
#######.#.####
#..K...#... #.#.....
#......##.# #.......
#.|....##.# ########
#......##.#
.......Kw..##########
........z....K.......
...#......###zw.##.... ..
##########@......... .
#..................
#................#
#................#
#..[.............##+#####
#.......................#
#.......................#
#.......................#
#..............†........#


You could see a worm, a wight and a kobold.


Message History

A kobold comes into view.
It is wielding a +0 short sword and quivering poisoned darts.
A wight comes into view. It is wielding a +0 flail.
The kobold shouts!
You hit the goblin.
You kill the goblin!
You start waiting.
A worm is nearby!
The wight hits you with a +0 flail!
You closely miss the wight. You hit the worm.
The wight hits you with a +0 flail.
You barely miss the worm.
The worm is moderately wounded.
You closely miss the wight. The worm bites you but does no damage.
The wight hits you but does no damage.
You hit the worm but do no damage.
The worm is moderately wounded.
You hit the wight. The worm closely misses you.
The wight completely misses you.
You slash the worm!
The worm is severely wounded.
You hit the wight. The wight hits you with a +0 flail!
* * * LOW HITPOINT WARNING * * *
You are too injured to fight recklessly!
You are too injured to fight recklessly!
You feel yourself speed up. The worm bites you!
* * * LOW HITPOINT WARNING * * *
The wight hits you with a +0 flail!
* * * LOW HITPOINT WARNING * * *
You feel drained.
You die...

Skill      XL: |  1  2  3  4 |
---------------+-------------+-----
Armour         | 1 2 |  2.3
Axes           | 5 6 |  6.2
Fighting       | |  3.6
Stealth        | |  1.0
Spellcasting   | |  1.0
Hexes          | |  2.0

Action                     |  1- 3 |  4- 6 || total
---------------------------+-------+-------++-------
  Melee: Hand axe          |    63 |    52 ||   115
    Use: Scroll            |     2 |     5 ||     7
         Potion            |       |     1 ||     1
 Armour: Leather armour    |    12 |       ||    12
         Ring mail         |    14 |    20 ||    34
  Dodge: Dodged            |    26 |    24 ||    50

Levels and vault maps discovered:
D:1:      saegor_arrival_simple_d, layout_basic
D:2:      layout_basic, uniq_jessica
D:3:      kennysheep_goblin_castle, layout_basic, ebering_ecumenical_altar_webs

Notes
Turn   | Place    | Note
-------+----------+-------------------------------------------
     0 | D:1      | demibob the Hill Orc Wanderer began the quest for the Orb.
     0 | D:1      | demibob set off with the following items: a +3 hand axe, a
                  | potion of brilliance, a +0 leather armour; and the
                  | following spell memorised: Slow; and the following spells
                  | available to memorise: Tukima's Dance.
     0 | D:1      | Reached XP level 1. HP: 19/19 MP: 2/2
   174 | D:1      | Reached XP level 2. HP: 20/26 MP: 3/3
   178 | D:1      | Reached skill level 1 in Armour
   335 | D:1      | Reached skill level 5 in Axes
   423 | D:1      | Reached XP level 3. HP: 31/31 MP: 4/4
   883 | D:2      | Noticed Jessica
   895 | D:2      | Killed Jessica
   896 | D:2      | Reached skill level 2 in Armour
   896 | D:2      | Reached XP level 4. HP: 39/39 MP: 5/5
  1002 | D:2      | Reached skill level 6 in Axes
  1721 | D:3      | HP: 1/39 [wight/+0 flail (8)]
  1721 | D:3      | Slain by a wight

Vanquished Creatures
  Jessica (D:2)
  An adder (D:2)
  2 worms (D:2)
  3 dart slugs
  An orc (D:3)
  2 bats (D:2)
  An endoplasm (D:1)
  13 goblins
  A hobgoblin (D:1)
  6 jackals
  A quokka (D:1)
  7 ball pythons
  5 frilled lizards
  3 kobolds
  2 rats
49 creatures vanquished.

Table legend: (Time is in decaauts)
 A = Elapsed time spent in this place.
 B = Non-inter-level travel time spent in this place.
 C = Inter-level travel time spent in this place.
 D = Time resting spent in this place.
 E = Time spent auto-exploring this place.
 F = Levels seen in this place.
 G = Mean time per level.
                   A        B        C        D        E       F      G
               +--------+--------+--------+--------+--------+-----+--------+
         Total |   1724 |   1652 |     72 |     38 |   1306 |   3 |  574.7 |
       Dungeon |   1724 |   1652 |     72 |     38 |   1306 |   3 |  574.7 |
               +--------+--------+--------+--------+--------+-----+--------+

Top non-repeatable levels by time:
     D:1: 826 daAuts
     D:2: 661 daAuts
     D:3: 236 daAuts

Table legend:
 A = Non-vault XP
 B = Vault XP
 C = Vault XP percentage of total XP
 D = Non-vault monster count
 E = Vault monster count
 F = Vault count percentage of total count
                 A         B        C        D         E       F
            +---------+---------+-------+---------+---------+-------
      Total |     102 |      37 |  26.6 |      48 |       1 |   2.0
            +---------+---------+-------+---------+---------+-------
        D:1 |      46 |       0 |   0.0 |      27 |       0 |   0.0
        D:2 |      45 |      37 |  45.1 |      16 |       1 |   5.9
        D:3 |      11 |       0 |   0.0 |       5 |       0 |   0.0
            +---------+---------+-------+---------+---------+-------
